 Dungeon Crawl Stone Soup version 0.19-b1-3-g7dea586 (webtiles) character file.

6070 Chiseanne the Destroyer (level 10, -10/63 HPs)
             Began as a Demonspawn Wizard on Oct 28, 2016.
             Was a Priest of Vehumet.
             Mangled by appiemonkey's ghost (11 damage)
             ... on level 10 of the Dungeon.
             The game lasted 00:44:26 (13144 turns).

Chiseanne the Destroyer (Demonspawn Wizard)        Turns: 13144, Time: 00:44:26

Health: -10/63     AC: 12    Str: 13    XL:     10   Next: 57%
Magic:  24/27      EV: 12    Int: 22    God:    Vehumet [***...]
Gold:   507        SH:  0    Dex: 18    Spells: 6 memorised, 16 levels left

rFire  + . .     SeeInvis .     s - +1 spear "Xubba" {elec, *Noise Dex+6}
rCold  . . .     Gourm    .     F - +0 troll leather armour
rNeg   . . .     Faith    +     (no shield)
rPois  +         Spirit   .     B - +0 hat
rElec  .         Reflect  .     (no cloak)
rCorr  .         Harm     .     R - +2 pair of gloves {Str+3}
MR     .....                    q - +1 pair of boots
Stlth  ++........               v - amulet of faith
                                i - ring of protection from fire
                                P - ring of poison resistance

@: repel missiles, drained
A: talons 1, slimy green scales 2, high mp 1, strong 1
a: Renounce Religion


You were on level 10 of the Dungeon.
You worshipped Vehumet.
Vehumet was most pleased with you.
You were hungry.

You visited 2 branches of the dungeon, and saw 11 of its levels.

You collected 507 gold pieces.

Inventory:

Hand Weapons
 a - a +1 war axe of chopping
 d - a +2 mace of freezing
 s - the +1 spear "Xubba" (weapon) {elec, *Noise Dex+6}
   (You found it on level 5 of the Dungeon)

   Occasionally, upon striking a foe, it will discharge some electrical energy
   and cause terrible harm.
   It affects your dexterity (+6).
   It may make noises in combat.
 A - a +0 blowgun
Missiles
 e - 265 stones (quivered)
 f - 40 poisoned needles
 k - a throwing net
 r - 54 bolts
 u - 203 arrows
 w - 25 tomahawks
 x - 47 sling bullets
 K - 2 steel tomahawks
 L - 7 tomahawks of returning
Armour
 q - a +1 pair of boots (worn)
 t - a +2 robe of fire resistance
 B - a +0 hat (worn)
 F - a +0 troll leather armour (worn)
 R - a +2 pair of gloves of strength (worn)
Jewellery
 i - a ring of protection from fire (right hand)
 v - an amulet of faith (around neck)
 N - an uncursed ring of resist corrosion
 P - a ring of poison resistance (left hand)
Wands
 m - a wand of lightning (0/15)
 E - a wand of random effects (8/48)
 O - a wand of paralysis (11/24)
 Q - a wand of polymorph (4/24)
Scrolls
 n - a scroll of remove curse
 o - 6 scrolls of teleportation
 y - 2 scrolls of fog
 J - a scroll of amnesia
Potions
 h - 3 potions of flight
 p - 2 potions of brilliance
 z - 3 potions of cancellation
 C - a potion of haste
 D - a potion of degeneration {unknown}
 G - a potion of curing {unknown}
 I - 2 potions of agility {unknown}
Books
 c - a book of Minor Magic

   Spells                             Type                      Level
   a - Magic Dart                     Conjuration                  1
   b - Blink                          Translocation                2
   c - Call Imp                       Summoning                    2
   d - Repel Missiles                 Charms/Air                   2
   e - Slow                           Hexes                        2
   f - Conjure Flame                  Conjuration/Fire             3
   g - Mephitic Cloud                 Conjuration/Poison/Air       3
Comestibles
 b - a fruit
 g - 2 slices of pizza
 j - 6 meat rations
 l - 3 beef jerkies
 H - 8 bread rations


   Skills:
 - Level 1.7(1.5) Dodging
 - Level 1.7(1.5) Stealth
 * Level 10.7(10.5) Spellcasting
 * Level 11.2(11.0) Conjurations
   Level 1.0(0.8) Summonings
 - Level 0.8(0.6) Translocations


You had 16 spell levels left.
You knew the following spells:

 Your Spells              Type           Power        Failure   Level  Hunger
a - Magic Dart            Conj           ####         1%          1    None
b - Dazzling Spray        Conj/Hex       #####.       1%          3    None
c - Conjure Flame         Conj/Fire      #####...     1%          3    None
d - Mephitic Cloud        Conj/Pois/Air  ####....     1%          3    None
e - Repel Missiles        Chrm/Air       ##....       12%         2    None
f - Blink                 Tloc           N/A          12%         2    None


Dungeon Overview and Level Annotations

Branches:
Dungeon (10/15)            Temple (1/1) D:7            Lair (0/6) D:9
    Orc: D:9-12

Altars:
Ashenzari
Cheibriados
Dithmenos
Hepliaklqana
Kikubaaqudgha
Okawaru
Ru
Sif Muna
Vehumet
Zin
The Shining One

Shops:
D:4 [

Annotations:
D:5 p0werm0de's ghost, novice DsAs
D:10 appiemonkey's ghost, journeyman OgBe


Innate Abilities, Weirdness & Mutations

You are mostly covered in slimy green scales. (AC +3)
You have sharp toenails.
You have an increased reservoir of magic. (+10% MP)
Your muscles are strong. (Str +2)


Message History

Press: ? - help, Dir - move target cursor The fire roars!
Wield which item (- for none, * to show all)? (? for menu, Esc to quit)
You hear the crackle of electricity.
s - the +1 spear "Xubba" (weapon)
{elec, *Noise Dex+6} You hit appiemonkey's ghost but do no damage.
Appiemonkey's ghost is engulfed in roaring flames.
Appiemonkey's ghost hits you!!
Ouch! That really hurt!
Appiemonkey's ghost burns you.
You barely miss appiemonkey's ghost.
Appiemonkey's ghost is lightly damaged.
Appiemonkey's ghost is engulfed in roaring flames.
Appiemonkey's ghost hits you!!
* * * LOW HITPOINT WARNING * * *
Appiemonkey's ghost burns you.
* * * LOW HITPOINT WARNING * * *
Appiemonkey's ghost is engulfed in roaring flames.
Appiemonkey's ghost hits you!
You die...

###.# #.# #.#
#.#
####.######!#
#...........#
#
#)##.########
#. #)##.# . ..
#.##.#
.z..#.###.##.#
#......W@.##.#
#....z######.#
..... ..# #...
### ... $. .


You could see 2 wights and appiemonkey's ghost.

Vanquished Creatures
  A hill giant (D:10)
  Pikel (D:6)
  A komodo dragon (D:9)
  2 trolls (D:9)
  A hippogriff (D:9)
  A hungry ghost (D:7)
  Duvessa (D:4)
  4 orc warriors
  2 ice beasts
  2 black bears
  A phantom (D:6)
  A necrophage (D:8)
  The ghost of p0werm0de the Sneak, an amateur DsAs (D:3)
  3 centaurs
  5 ogres
  A crocodile (D:10)
  Blork the orc (D:4)
  A gnoll sergeant (D:7)
  3 bullfrogs
  Dowan (D:4)
  A wyvern zombie (D:8)
  4 scorpions
  3 killer bees (D:7)
  7 wights (D:10)
  6 howler monkeys
  3 crimson imps (D:5)
  7 orc priests
  2 hounds
  2 jellies
  2 bullfrog skeletons
  3 iguanas
  14 orc wizards
  3 worker ants
  A hound zombie (D:7)
  A worker ant zombie (D:8)
  13 adders
  8 gnolls
  2 shadow imps
  2 oozes
  An adder skeleton (D:9)
  2 worms
  4 dart slugs
  6 leopard geckos
  45 orcs
  5 giant cockroaches
  7 goblins
  6 hobgoblins
  6 jackals (D:2)
  4 quokkas
  4 ball pythons
  A ball python zombie (D:5)
  12 bats
  5 frilled lizards
  13 kobolds
  A quokka zombie (D:5)
  6 rats
246 creatures vanquished.

Vanquished Creatures (collateral kills)
  A killer bee (D:7)
1 creature vanquished.

Vanquished Creatures (others)
  2 slaves (D:6)
  An orc warrior (D:6)
  A centaur (D:6)
  An orc priest (D:6)
  A jelly (D:6)
  A worker ant (D:6)
  An adder (D:6)
  A quokka (D:6)
  A plant (D:9)
10 creatures vanquished.

Grand Total: 257 creatures vanquished

Notes
Turn   | Place    | Note
-------+----------+-------------------------------------------
     0 | D:1      | Chiseanne the Demonspawn Wizard began the quest for the Orb.
     0 | D:1      | Reached XP level 1. HP: 13/13 MP: 4/4
   713 | D:1      | Gained mutation: You are partially covered in slimy green scales. (AC +2) [demonic ancestry]
   713 | D:1      | Reached XP level 2. HP: 18/19 MP: 0/6
   956 | D:1      | Reached skill level 2 in Conjurations
  1548 | D:1      | Reached XP level 3. HP: 24/24 MP: 1/7
  1603 | D:1      | Learned a level 2 spell: Blink
  1607 | D:1      | Learned a level 3 spell: Conjure Flame
  2299 | D:2      | Gained mutation: You are mostly covered in slimy green scales. (AC +3) [demonic ancestry]
  2299 | D:2      | Reached XP level 4. HP: 30/30 MP: 2/9
  2448 | D:2      | Reached skill level 3 in Conjurations
  2653 | D:2      | Found a shadowy altar of Dithmenos.
  3204 | D:3      | Noticed p0werm0de's ghost (amateur DsAs)
  3231 | D:3      | Killed p0werm0de's ghost
  3231 | D:3      | Reached skill level 4 in Conjurations
  3231 | D:3      | Reached XP level 5. HP: 31/35 MP: 3/11
  3305 | D:2      | Learned a level 3 spell: Mephitic Cloud
  3646 | D:2      | Reached XP level 6. HP: 41/41 MP: 3/13
  4226 | D:4      | Noticed Duvessa
  4231 | D:4      | Noticed Dowan
  4347 | D:4      | Reached skill level 5 in Spellcasting
  4920 | D:4      | Killed Duvessa
  4920 | D:4      | Reached skill level 5 in Conjurations
  4934 | D:4      | Gained mutation: You have sharp toenails. [potion of mutation]
  4934 | D:4      | Gained mutation: Your muscles are strong. (Str +2) [potion of mutation]
  4934 | D:4      | Gained mutation: You have an increased reservoir of magic. (+10% MP) [potion of mutation]
  4944 | D:4      | Killed Dowan
  4944 | D:4      | Reached XP level 7. HP: 18/46 MP: 0/17
  5007 | D:4      | Noticed Blork the orc
  5147 | D:4      | Killed Blork the orc
  5227 | D:4      | Found Foleiruth's Antique Armour Emporium.
  5517 | D:5      | Entered Level 5 of the Dungeon
  5607 | D:5      | Reached skill level 6 in Conjurations
  5762 | D:5      | Got a steaming spear
  5768 | D:5      | Identified the cursed +1 spear "Xubba" {elec, *Noise Dex+6} (You found it on level 5 of the Dungeon)
  5963 | D:5      | Reached XP level 8. HP: 52/52 MP: 4/20
  6191 | D:5      | Noticed p0werm0de's ghost (novice DsAs)
  6292 | D:4      | Learned a level 2 spell: Repel Missiles
  6608 | D:6      | Noticed Pikel
  6617 | D:6      | Killed Pikel
  6617 | D:6      | Reached skill level 7 in Conjurations
  6661 | D:6      | Reached skill level 8 in Conjurations
  7382 | D:6      | Reached XP level 9. HP: 19/57 MP: 9/23
  8107 | D:7      | Found a staircase to the Ecumenical Temple.
  8171 | Temple   | Entered the Ecumenical Temple
  8404 | Temple   | Became a worshipper of Vehumet
  8575 | D:7      | Found an ancient bone altar of Kikubaaqudgha.
  8576 | D:7      | Found a hazy altar of Hepliaklqana.
  8606 | D:7      | Reached skill level 9 in Conjurations
  9397 | D:7      | Found a deep blue altar of Sif Muna.
 10006 | D:8      | Reached * piety under Vehumet
 10006 | D:8      | Offered knowledge of Sandblast by Vehumet.
 10472 | D:8      | Reached skill level 10 in Conjurations
 11176 | D:9      | Noticed a troll
 11215 | D:9      | Killed a troll
 11215 | D:9      | Reached XP level 10. HP: 36/63 MP: 2/26
 11477 | D:9      | Reached skill level 10 in Spellcasting
 11607 | D:9      | Got a steaming chain mail
 11629 | D:9      | Identified the cursed +1 chain mail of the Twelve Seas {rN+++ MR++ Str-4 Dex-2} (You took it off an orc on level 9 of the Dungeon)
 11643 | D:9      | Reached ** piety under Vehumet
 11643 | D:9      | Offered knowledge of Flame Tongue by Vehumet.
 11665 | D:9      | Found a staircase to the Lair.
 12055 | D:9      | Found a sacrificial altar of Ru.
 12055 | D:9      | Found a shattered altar of Ashenzari.
 12399 | D:10     | Entered Level 10 of the Dungeon
 12399 | D:10     | Noticed a hill giant
 12436 | D:10     | Offered knowledge of Dazzling Spray by Vehumet.
 12455 | D:10     | Killed a hill giant
 12455 | D:10     | Reached skill level 11 in Conjurations
 12491 | D:10     | Reached *** piety under Vehumet
 12582 | D:10     | Learned a level 3 spell: Dazzling Spray
 12860 | D:10     | Noticed appiemonkey's ghost (journeyman OgBe)
 13144 | D:10     | HP: 1/63 [appiemonkey's ghost (5)]
 13144 | D:10     | Mangled by appiemonkey's ghost

Skill      XL: |  1  2  3  4  5  6  7  8  9 10 |
---------------+-------------------------------+-----
Conjurations   | 2 4 5 6 8 10 11 | 11.2
Spellcasting   | 4 5 6 8 9 10 | 10.7
Dodging        | |  1.7
Stealth        | |  1.7
Summonings     | |  1.0
Translocations | |  0.8

Action                   |  1- 3 |  4- 6 |  7- 9 | 10-12 || total
-------------------------+-------+-------+-------+-------++-------
Melee: Unarmed           |     8 |       |       |       ||     8
       Whip              |     2 |       |    15 |       ||    17
       Hand axe          |    23 |    63 |       |       ||    86
       War axe           |       |       |    44 |    52 ||    96
       Spear             |       |       |     6 |     2 ||     8
 Cast: Magic Dart        |    98 |   160 |   396 |   144 ||   798
       Mephitic Cloud    |       |     8 |    45 |    19 ||    72
       Blink             |       |     2 |     9 |     2 ||    13
       Conjure Flame     |       |     1 |    10 |     8 ||    19
       Repel Missiles    |       |       |     3 |       ||     3
       Dazzling Spray    |       |       |       |    17 ||    17
Evoke: Wand              |       |       |     3 |     4 ||     7
  Use: Scroll            |     4 |     5 |     7 |     6 ||    22
       Potion            |       |     2 |     2 |       ||     4
 Stab: Confused          |       |     1 |     5 |     2 ||     8
       Paralysed         |       |       |     7 |     3 ||    10
       Invisible         |       |       |       |     2 ||     2
  Eat: Chunk             |     4 |     7 |    17 |     6 ||    34
       Beef jerky        |       |     1 |       |       ||     1
       Fruit             |       |       |     2 |       ||     2
Armor: Robe              |    19 |    36 |    40 |    14 ||   109
       Troll leather arm |       |       |       |    18 ||    18
Dodge: Dodged            |    35 |    62 |    78 |    64 ||   239
       Deflected         |       |       |     5 |     5 ||    10
